[Event "*** Titled Tuesday Blitz"]
[Site "Chess.com"]
[Date "2021.03.30"]
[Round "3"]
[White "andriipalchuk"]
[Black "Zkid"]
[Result "1/2-1/2"]
[WhiteElo "2619"]
[BlackElo "2846"]
[TimeControl "180+1"]
[EndTime "10:30:15 PDT"]
[Termination "Game drawn - insufficient material"]

1. d4 d5 2. c4 dxc4 3. e4 Nf6 4.
e5 Nd5 5. Bxc4 Nc6 6. Ne2 Bf5 7.
Nbc3 Nb6 8. Bb3 e6 9. O-O Be7 10. Be3 Qd7 11. Qc1 Nb4 12. Rd1 O-O 13. Ng3 Bg6 14.
a3 N4d5 15. Bg5 Bxg5 16. Qxg5 a5 17. h4 h6 18. Qg4 a4 19. Bxd5 Nxd5 20. Rac1 Ne7 21. h5 Bh7 22. d5 Nf5 23. Nge4 Kh8 24. Nc5 Qc8 25. N5xa4 b6 26. Qc4 Ra5 27. dxe6 fxe6 28.
Nb5 Qa6 29. Nac3 c5 30. Nd6 Nd4 31. Qxa6 Rxa6 32. Re1 Nb3 33. Rcd1 Bc2 34. g3 Bxd1 35. Rxd1 Nd4 36. f4 Raa8 37. Kg2 Kg8 38. Nde4 Rfd8 39.
Nd6 Rd7 40. Rd2 Kf8 41. Nce4 Ra4 42. g4 Nb5 43. Nxb5 Rxd2+ 44. Nxd2 Rxf4 45. Kg3 Rf7 46. b4 cxb4 47. axb4 Rd7 48. Nd6 Ra7 49. N2c4 b5 50. Nxb5 Ra2 51. Nbd6 Ke7 52. b5 Kd7 53. b6 Ra1 54. b7 Rb1 55. Kf4 Rb3 56. g5 Rb1 57. g6 Rb4 58. Ke4 Rb1 59. Kd3 Rb3+ 60. Kd2 Rb4 61. Kc3 Rb1 62. Nb2 Kc7 63. Ne8+ Kxb7 64. Nxg7 Rh1 65. Nxe6 Rxh5 66. g7 Rh3+ 67. Kd4 Rg3 68.
Nc4 h5 69. Ne3 Kc6 70. Nf5 Rg4+ 71. Ke3 Kd7 72. Nfd4 h4 73. Kf3 Rg3+ 74. Kf2 Rg4 75. Nc5+ Ke8 76. Nf3 h3 77. Ne4 Rxg7 78. Nf6+ Ke7 79.
Nd5+ Kf8 80. Nf4 Rh7 81. Kg3 Rg7+ 82. Kxh3 Ra7 83. Kg3 Ra5 84. Kg4 Rxe5 85. Nxe5 1/2-1/2

[Event "*** Titled Tuesday Blitz"]
[Site "Chess.com"]
[Date "2021.03.30"]
[Round "3"]
[White "XDPS"]
[Black "bilelou"]
[Result "0-1"]
[WhiteElo "2786"]
[BlackElo "2571"]
[TimeControl "180+1"]
[EndTime "10:30:17 PDT"]
[Termination "bilelou won on time"]

1. e4 c5 2. Nf3 d6 3. d4 cxd4 4. Nxd4 Nf6 5. Nc3 a6 6. Be2 e5 7. Nf3 h6 8. Nd2 Be6 9. Nc4 Qc7 10. Ne3 Nbd7 11. O-O Rc8 12. Ncd5 Bxd5 13. exd5 g6 14. c4 Bg7 15. b4 O-O 16. a4 a5 17. bxa5 Ne4 18.
Qc2 Nec5 19. Bd2 f5 20. Rab1 f4 21. Nd1 e4 22. f3 e3 23. Be1 Ne5 24. Rb5 g5 25.
Bb4 Na6 26. Ba3 Rfd8 27. Nb2 Rd7 28. Rb1 Bf8 29. Qf5 Rf7 30. Qe6 Qd7 31. Rb6 Nc5 32. Bxc5 Rxc5 33. a6 bxa6 34. Rb8 Qxe6 35. dxe6 Re7 36.
Nd3 Nxd3 37. Bxd3 Rxe6 38. Kf1 Kg7 39. R1b7+ Re7 40. Rb6 a5 41. Ke2 Rec7 42. Rd8 Be7 43. Re8 Kf7 44. Rh8 Kg7 45. Rh7+ Kf6 46. Rxh6+ Ke5 47.
h4 gxh4 48. Rb8 Kd4 49. Re6 Kc3 50. Re4 Rg5 51. Bb1 Rxg2+ 52. Kf1 Rf2+ 53. Ke1 h3 54. Rh8 h2 55. Rxf4 Rb2 56. Be4 Ra2 57. Bd5 h1=Q+ 58. Rxh1 Ra1+ 59. Ke2 Rxh1 60. Re4 Rh2+ 61. Kxe3 Bf6 62.
Rg4 Re7+ 63. Kf4 Be5+ 64. Kf5 Rh5+ 65. Kg6 Rhh7 66. Kf5 Rhg7 67. Rh4 Bd4 68. f4 Bc5 69. Rh3+ Re3 70. Rh8 Rg1 71. Rb8 Rf1 72. Kg5 Rg3+ 73. Kh4 Rgg1 74. Rf8 Be3 75. f5 Rf4+ 76. Kh5 Rf2 0-1

[Event "*** Titled Tuesday Blitz"]
[Site "Chess.com"]
[Date "2021.03.30"]
[Round "3"]
[White "ljuks68"]
[Black "Magila31"]
[Result "1/2-1/2"]
[WhiteElo "2475"]
[BlackElo "2278"]
[TimeControl "180+1"]
[EndTime "10:30:19 PDT"]
[Termination "Game drawn by stalemate"]

1. e4 g6 2. d4 Bg7 3. Nc3 d6 4.
f4 a6 5. Nf3 b5 6. Bd3 Bb7 7.
a4 b4 8. Ne2 c5 9. c3 Nd7 10.
O-O bxc3 11. bxc3 cxd4 12. cxd4 Ngf6 13. Ng3 O-O 14. Kh1 Qc7 15. Be3 Rac8 16. Qe2 Qa5 17. Bd2 Qb6 18. Rab1 Qa7 19. Be3 Qa8 20. d5 Nc5 21. Bc2 a5 22. Bd4 Ba6 23. Qf2 Bxf1 24. Rxf1 Qa6 25. Rd1 Ng4 26. Qd2 Bxd4 27. Qxd4 e5 28.
dxe6 Nxe6 29. Qd2 Qb6 30. Rf1 Ne3 31. Bd3 Nxf1 32. Bxf1 Qb4 33. Qd5 Nxf4 34. Qg5 Ne6 35. Qh6 Qc5 36. h3 f6 37. Bb5 Rf7 38. Kh2 Nd4 39.
Nxd4 Qxd4 40. Qh4 Qe5 41. Qg4 Kg7 42. Qxc8 h5 43. h4 Qf4 44. Bc4 Re7 45. Qg8+ Kh6 46. Qh8+ Rh7 47. Qf8+ Rg7 48. Qa8 Qxh4+ 49. Kg1 Qxg3 50.
Qd5 Qe3+ 51. Kh2 Qf4+ 52. Kh1 h4 53. Qe6 h3 54. Qxh3+ Kg5 55. g3 Qg4 56. Qh2 Qh5 57. Qxh5+ Kxh5 58. Kg2 Kg5 59. Be2 Rc7 60. Bb5 Rc3 61. Bd7 f5 62. exf5 gxf5 63. Kf2 f4 64. g4 d5 65. Be6 d4 66. Bf5 d3 67. Kf3 d2+ 68. Ke2 Re3+ 69. Kxd2 Rg3 70. Ke2 Rxg4 71. Bxg4 Kxg4 72. Kf2 f3 73. Kf1 Kf4 74. Kf2 Ke4 75.
Kf1 Ke3 76. Ke1 Kd3 77. Kf2 Kc3 78. Kxf3 Kb3 79. Ke2 Kxa4 80. Kd1 Kb3 81. Kc1 Ka2 82. Kc2 a4 83. Kc1 a3 84. Kc2 Ka1 85. Kc1 a2 86.
Kc2 1/2-1/2

[Event "*** Titled Tuesday Blitz"]
[Site "Chess.com"]
[Date "2021.03.30"]
[Round "3"]
[White "IwkooO"]
[Black "iwanyu"]
[Result "1-0"]
[WhiteElo "2636"]
[BlackElo "2852"]
[TimeControl "180+1"]
[EndTime "10:30:26 PDT"]
[Termination "IwkooO won by resignation"]

1. e4 e5 2. Nf3 Nc6 3. Bb5 a6 4. Ba4 d6 5. d4 b5 6. Bb3 Nxd4 7. Nxd4 exd4 8. Bd5 Rb8 9. Qxd4 Nf6 10. O-O Be7 11.
Nc3 O-O 12. Bf4 b4 13. Ne2 Nxd5 14. Qxd5 Be6 15. Qd3 Rb6 16. Nd4 c5 17. Nxe6 fxe6 18. Bg3 Bf6 19. Rad1 Be7 20. Qc4 Qc8 21. Rd3 Rf6 22.
Rfd1 Qb8 23. Bh4 Rf7 24. Bg3 e5 25. Rf3 Qe8 26. Qe6 Rb8 27. Qc4 a5 28. Rdd3 Bf8 29. Rf5 g6 30. Rf6 Kg7 31. Re6 Qb5 32. Qxb5 Rxb5 33.
Rd5 Rbb7 34. Re8 Rfd7 35. Ra8 Ra7 36. Rxa7 Rxa7 37. Kf1 Kf7 38. Ke2 Ke6 39. Kd3 a4 40. Kc4 a3 41. b3 Be7 42. f3 Ra8 43. Be1 Rf8 44. c3 bxc3 45. Bxc3 h5 46. Bd2 g5 47. Bc1 g4 48. Rd3 Rb8 49. Bxa3 Ra8 50. b4 cxb4 51. Bxb4 Rc8+ 52. Kb3 gxf3 53. Rxf3 Rg8 54. g3 Rg4 55. Re3 Bg5 56. Re2 Be7 57. a4 Rg8 58. a5 Rb8 59.
Ka4 Kd7 60. Rd2 Ra8 61. Rd5 Kc6 62. Bc3 Bd8 63. Bb4 Bc7 64. h3 Rg8 65. Rd3 Ra8 66.
Rc3+ Kd7 67. Kb5 Rb8+ 68. Kc4 Kc6 69. Rf3 Rg8 70. a6 Ra8 71. Ra3 Bb6 72. Bd2 Bc5 73.
Ra4 Bd4 74. g4 hxg4 75. hxg4 Bc5 76. g5 Bd4 77. g6 Ba7 78. g7 Rg8 79. Bh6 Kd7 80.
Kd5 Ke7 81. Rb4 Bc5 82. Rb7+ Kf6 83. a7 Kg6 84. Rb8 1-0

[Event "*** Titled Tuesday Blitz"]
[Site "Chess.com"]
[Date "2021.03.30"]
[Round "3"]
[White "seorobert1971"]
[Black "dpruess"]
[Result "1-0"]
[WhiteElo "2737"]
[BlackElo "2350"]
[TimeControl "180+1"]
[EndTime "10:30:26 PDT"]
[Termination "seorobert1971 won by resignation"]

1. e4 c5 2. Nc3 a6 3. Nge2 d6 4. g3 Nc6 5. Bg2 g6 6. O-O Bg7 7. f4 e6 8. d3 Nge7 9. Be3 Nd4 10. Qd2 O-O 11. Rae1 Rb8 12. Nd1 b5 13. c3 Nxe2+ 14. Qxe2 b4 15. c4 Nc6 16. g4 Nd4 17. Qf2 f5 18.
exf5 gxf5 19. g5 Bb7 20. h4 Qe8 21. Bxb7 Rxb7 22. Qg2 Re7 23. Bd2 Qa4 24. h5 Qc2 25.
Re3 a5 26. Rg3 e5 27. h6 exf4 28. hxg7 Ne2+ 29. Qxe2 Rxe2 30. gxf8=Q+ Kxf8 31. Bxf4 Kf7 32. Bxd6 Kg6 33. Bf4 a4 34. a3 bxa3 35. bxa3 Qb3 36. Ne3 Qxd3 37. Ng2 Qxc4 38. Nh4+ Kf7 39. Nxf5 Ke6 40.
Ng7+ Kd7 41. Nh5 Kc6 42. Nf6 Qd4+ 43. Kh1 c4 44. Ng4 Qe4+ 45. Kg1 Qd4+ 46. Be3 Qe4 47.
Rf6+ Kb5 48. Rb6+ Ka5 49. Rf6 Qb1+ 50. Rf1 Qc2 51. Bc5 Qe4 52. Bb4+ Ka6 53. Rf6+ Kb7 54.
Rf7+ Ka8 55. Rf8+ Kb7 56. Rf7+ Ka8 57. Rf1 Qd5 58. Nf2 Qe5 59. Kg2 Qd5+ 60. Kg1 Qe5 61. Rg2 Re3 62. Ng4 Qd4 63. Nxe3 Qxe3+ 64. Rff2 c3 65. Kh2 Qe5+ 66. Kh3 Qe3+ 67. Kg4 Qe6+ 68. Kg3 Qe3+ 69. Rf3 Qe5+ 70. Kh3 c2 71. Rxc2 Qe6+ 72. Kg2 Qg4+ 73. Kf2 Qxg5 74. Re2 Qh4+ 75. Kf1 Qh1+ 76. Kf2 Qh2+ 77. Ke3 Qh4 78. Rf8+ Kb7 79. Ref2 Qg5+ 80. Kd3 Qd5+ 81. Kc3 Qb3+ 82. Kd4 Qe6 83. R2f7+ Kc6 84.
Rf6 Kd7 85. Rxe6 Kxe6 86. Rh8 1-0

[Event "*** Titled Tuesday Blitz"]
[Site "Chess.com"]
[Date "2021.03.30"]
[Round "3"]
[White "ChristopherYoo"]
[Black "olksuna"]
[Result "0-1"]
[WhiteElo "2917"]
[BlackElo "2676"]
[TimeControl "180+1"]
[EndTime "10:30:27 PDT"]
[Termination "olksuna won on time"]

1. e4 c5 2. Nf3 e6 3. g3 Nc6 4.
Bg2 Nf6 5. Qe2 e5 6. O-O Be7 7. c3 O-O 8. Rd1 Re8 9. d3 h6 10.
h3 Bf8 11. a4 d5 12. exd5 Nxd5 13. Na3 Bf5 14. Nc4 Qc7 15. Nfd2 Rad8 16. Bxd5 Rxd5 17.
Ne3 Qd7 18. Nxd5 Qxd5 19. Qf3 Qxd3 20. Qxd3 Bxd3 21. Nf1 e4 22. f4 Na5 23. Be3 Nb3 24. Ra3 c4 25. Rxb3 cxb3 26. Nd2 Bc2 27. Re1 f5 28. Kf2 b6 29. Nc4 Rd8 30. g4 fxg4 31. hxg4 Be7 32. Kg3 Kf7 33. Ne5+ Ke6 34.
Nc6 Rd3 35. Ne5 Rd5 36. Bd4 Bc5 37. f5+ Ke7 38. Ng6+ Kf7 39. Bxc5 bxc5 40. Re2 Bd3 41. Re3 c4 42. Nf4 Ra5 43. Ne6 Rxa4 44. Kf4 Ra2 45.
g5 hxg5+ 46. Nxg5+ Ke7 47. Rh3 Rxb2 48. Rh7 Kf8 49.
Ne6+ Ke7 50. Rxg7+ Kd6 51. Rb7 Rf2+ 52. Kg5 e3 53. Nd4 e2 54. Nxe2 Bxe2 55. f6 Bd3 56. f7 b2 57. Rxb2 Rxf7 58. Ra2 Rb7 59. Ra6+ Rb6 60.
Rxa7 Rb3 61. Kf4 Rxc3 62. Ke3 Rb3 63. Kd4 Rb6 64. Ra5 Rc6 65. Rd5+ Kc7 66. Kc3 Kb6 67. Rd8 Rc5 68. Rb8+ Kc7 69. Rh8 Rb5 70. Rg8 Rb3+ 71. Kd4 Ra3 72. Rg7+ Kb6 73. Rg8 Kb5 74. Rb8+ Ka4 75. Rb7 Rb3 76. Ra7+ Kb4 77. Ra8 Rb2 78.
Rb8+ Ka3 79. Rc8 Kb3 80. Rc7 Kc2 81. Rc8 Rb7 82. Rc6 Rd7+ 83. Kc5 c3 84. Kb4 Rb7+ 85.
Ka3 Kd2 86. Rh6 c2 87. Rh2+ Kc3 0-1

[Event "*** Titled Tuesday Blitz"]
[Site "Chess.com"]
[Date "2021.03.30"]
[Round "3"]
[White "Iball95"]
[Black "EvgenyT"]
[Result "1/2-1/2"]
[WhiteElo "2667"]
[BlackElo "2918"]
[TimeControl "180+1"]
[EndTime "10:30:29 PDT"]
[Termination "Game drawn by repetition"]

1. e4 e6 2. d4 d5 3. Nc3 a6 4. Bd3 Nf6 5. Nf3 c5 6. exd5 exd5 7. O-O c4 8. Re1+ Be7 9. Bf1 O-O 10. Ne5 Be6 11. Bf4 Nbd7 12. a3 Rc8 13. h3 b5 14. g3 Re8 15. Bg2 Nf8 16. g4 Ng6 17.
Nxg6 hxg6 18. Qd2 Qd7 19. Be5 a5 20. Re2 b4 21. axb4 axb4 22. Nd1 Ra8 23. Rb1 Ra2 24. Kh2 Rd8 25. Ne3 Ne4 26. Bxe4 dxe4 27. c3 Bd6 28.
Bxd6 Qxd6+ 29. Kg1 b3 30. Ng2 f5 31. g5 Rda8 32. Nf4 Bf7 33. Rbe1 Bd5 34. Qe3 Rxb2 35. Rxb2 Bf7 36. h4 Qa3 37. Qd2 Qd6 38. Kg2 Ra3 39. Kg3 Qa6 40. Reb1 Ra4 41. d5 Qd6 42. Rd1 Ra5 43. Qd4 Rxd5 44. Qxd5 Bxd5 45. Rxd5 Qa6 46. h5 Qa1 47. hxg6 Qg1+ 48. Ng2 f4+ 49. Kxf4 Qh2+ 50. Ke3 Qh3+ 51. Kxe4 Kf8 52. f3 Qe6+ 53. Kd4 Qxg6 54. Kxc4 Qc2 55. Rxb3 Qxg2 56. Rb8+ Ke7 57. Rb7+ Ke6 58.
Rb6+ Ke7 59. Rb7+ Ke6 60. Rbb5 Qe2+ 61. Kc5 Qxf3 62. Kc6 Qxc3+ 63. Rbc5 Qg3 64. g6 Ke7 65. Kb6 Qb8+ 66. Kc6 Qc8+ 67. Kb5 Qb8+ 68. Kc4 Qf4+ 69. Rd4 Qf1+ 70. Kd5 Qf5+ 71. Kc4 Qxg6 72. Rdd5 Qc2+ 73. Kd4 Qd2+ 74. Ke4 Qe2+ 75. Kf4 Qf2+ 76. Ke4 Qh2 77. Kd4 Qf4+ 78. Kd3 g6 79. Re5+ Kf6 80. Red5 Qf3+ 81. Kc4 Qf4+ 82. Kb5 Qb8+ 83. Kc4 Qf4+ 84. Kb5 Qb8+ 85.
Kc4 Qf4+ 1/2-1/2

[Event "*** Titled Tuesday Blitz"]
[Site "Chess.com"]
[Date "2021.03.30"]
[Round "3"]
[White "dropstoneDP"]
[Black "OhanyanEminChess"]
[Result "0-1"]
[WhiteElo "2935"]
[BlackElo "2686"]
[TimeControl "180+1"]
[EndTime "10:30:34 PDT"]
[Termination "OhanyanEminChess won by checkmate"]

1. Nf3 Nf6 2. b3 g6 3. Bb2 Bg7 4. e3 O-O 5. d4 Ne4 6. Nfd2 Nxd2 7. Qxd2 d5 8. c4 c6 9. Nc3 e6 10. Be2 Nd7 11. O-O Re8 12. Rfd1 b6 13. a4 a5 14. Rac1 Bb7 15. Ba3 f5 16. Bd6 Nf6 17. Bf4 Qd7 18. Qb2 Ba6 19. h3 Rec8 20. Rc2 Bf8 21. Be5 Kf7 22. Rdc1 Bb4 23. Na2 Be7 24. f3 Ne8 25. cxd5 exd5 26. Bxa6 Rxa6 27. g4 Qe6 28.
Rc3 Raa8 29. Qg2 c5 30. f4 Nf6 31. R3c2 Ne4 32. Nc3 cxd4 33. gxf5 Qxf5 34. Nxd5 Rxc2 35. Rxc2 d3 36. Rc7 Re8 37. Nc3 Nxc3 38. Rxc3 Qd7 39. Qd2 Bb4 40. Qxd3 Qxd3 41. Rxd3 Ke6 42. Kf2 Rc8 43.
Kf3 Rc2 44. Rd8 Rh2 45. Kg3 Rh1 46. Bd4 Rb1 47. Rb8 Kf5 48. Kf3 Rf1+ 49. Ke2 Rh1 50.
Rxb6 Rxh3 51. Kd3 h5 52. Rb5+ Ke6 53. Rg5 Kf7 54. Bb6 Be7 55. Rxa5 h4 56. Ra7 Ke6 57. Ra6 Kf7 58. Ra7 Ke6 59. Ra8 Rh1 60. Rh8 Bf6 61.
Rh7 Kf5 62. Bd4 Bd8 63. Ke2 Kg4 64. Rh6 Kf5 65. Kf3 Rh3+ 66. Kg2 Rg3+ 67. Kf2 Ke4 68. b4 Rf3+ 69. Kg2 Rg3+ 70. Kf2 Rf3+ 71. Kg1 h3 72. Kh2 g5 73. Rxh3 Rf2+ 74. Kg1 Ra2 75.
fxg5 Bxg5 76. Rg3 Bh4 77. Rg4+ Kf3 78. Rxh4 Kg3 79. Rh3+ Kxh3 80. a5 Kg3 81. Kf1 Kf3 82. Ke1 Ke4 83. Bc5 Kd3 84. Kd1 Ra1# 0-1

[Event "*** Titled Tuesday Blitz"]
[Site "Chess.com"]
[Date "2021.03.30"]
[Round "3"]
[White "Loy_Konstantin"]
[Black "aunqa"]
[Result "1/2-1/2"]
[WhiteElo "2312"]
[BlackElo "2110"]
[TimeControl "180+1"]
[EndTime "10:30:48 PDT"]
[Termination "Game drawn - insufficient material"]

1. e4 c5 2. Nf3 Nc6 3. Nc3 g6 4.
d4 cxd4 5. Nxd4 Bg7 6. Be3 Nf6 7. Bc4 O-O 8. Bb3 d6 9. f3 Re8 10. Qd2 Bd7 11. h4 h5 12. O-O-O a6 13. Kb1 b5 14.
Nxc6 Bxc6 15. Bh6 Bh8 16. g4 a5 17. Qg5 e6 18. gxh5 Nxh5 19. Qxd8 Raxd8 20. a3 Be5 21. Ne2 b4 22. a4 Kh7 23. Bg5 f6 24. Be3 f5 25. exf5 exf5 26. Rhf1 Bxb2 27. Kxb2 Rxe3 28. Nd4 Bb7 29. f4 Rde8 30. Nb5 R8e7 31. Nxd6 Ba6 32. Rf2 Rd7 33. Nxf5 Rxb3+ 34. cxb3 Rxd1 35. Ne3 Re1 36. Nc4 Ng3 37. Nxa5 Re2+ 38. Rxe2 Nxe2 39. Nc6 Nxf4 40. Nxb4 Nd3+ 41. Nxd3 Bxd3 42. Kc3 Be2 43. b4 Kh6 44. b5 Kh5 45. Kb4 Kxh4 46. a5 g5 47. a6 g4 48.
Ka5 g3 49. b6 g2 50. b7 g1=Q 51. b8=Q Qa1+ 52. Kb6 Qxa6+ 53. Kc7 Qa5+ 54. Qb6 Qe5+ 55. Qd6 Qc3+ 56. Qc6 Qg3+ 57. Qd6 Qg5 58. Qc6 Bg4 59. Qd6 Bh3 60. Kb6 Qe3+ 61. Qc5 Qe6+ 62. Kb5 Bf1+ 63.
Kb4 Qe4+ 64. Kc3 Qd3+ 65. Kb4 Qb1+ 66. Ka5 Qa2+ 67. Kb6 Qb3+ 68. Kc7 Qf7+ 69. Kb6 Qf6+ 70. Qc6 Qf2+ 71. Qc5 Qb2+ 72. Kc7 Bg2 73. Kd6 Qf6+ 74. Kc7 Qf4+ 75. Qd6 Qg5 76. Kb6 Kh3 77. Qd3+ Kh2 78. Qd6+ Kh1 79. Qd1+ Kh2 80. Qd6+ Kg1 81. Qd1+ Bf1 82.
Qd4+ Kh1 83. Qe4+ Bg2 84. Qb1+ Kh2 85. Qb5 Qf6+ 86. Kc5 Qe5+ 87. Kb4 Qd4+ 88. Ka5 Qa1+ 89. Kb6 Qd4+ 90. Qc5 Qf6+ 91. Kb5 Qb2+ 92. Qb4 Qxb4+ 93.
Kxb4 1/2-1/2

[Event "*** Titled Tuesday Blitz"]
[Site "Chess.com"]
[Date "2021.03.30"]
[Round "3"]
[White "rasmussvane"]
[Black "Schwarzschidl"]
[Result "1/2-1/2"]
[WhiteElo "2892"]
[BlackElo "2487"]
[TimeControl "180+1"]
[EndTime "10:31:01 PDT"]
[Termination "Game drawn - insufficient material"]

1. Nf3 d5 2. g3 e6 3. Bg2 Nf6 4. O-O Be7 5. c4 O-O 6. b3 c5 7. cxd5 exd5 8. d4 Nc6 9. Bb2 cxd4 10. Nxd4 Be6 11. Nc3 Rc8 12. Rc1 Qb6 13. Na4 Qa5 14. Nxc6 bxc6 15. Qe1 Qa6 16. Qd2 Rfd8 17. Bd4 Ne4 18.
Qb2 f6 19. Nc5 Bxc5 20. Bxc5 Qb5 21. Be3 c5 22. Rc2 Nd6 23. Rfc1 d4 24. Bf4 Bf5 25.
Rd2 Ne4 26. Rdd1 Nc3 27. Re1 a5 28. Bf1 Qb7 29. Bd2 Ne4 30. Bxa5 Re8 31. Bd2 h5 32. f3 Ng5 33. b4 h4 34. Bxg5 fxg5 35. g4 Bg6 36.
Qd2 cxb4 37. Qxg5 Rxc1 38. Rxc1 Qf7 39. Rd1 d3 40. exd3 h3 41. Bxh3 Qxf3 42. Rf1 Qxd3 43. Bg2 Qd4+ 44. Kh1 Be4 45. Qf4 Bxg2+ 46. Kxg2 Re2+ 47.
Kg3 Re3+ 48. Kh4 Qxf4 49. Rxf4 Ra3 50. Rxb4 Rxa2 51. h3 Kh7 52. Rb6 Ra5 53. Re6 Rb5 54. Re4 Ra5 55. Rd4 Kh6 56. Rc4 Ra6 57. Rc5 Ra3 58.
Rh5+ Kg6 59. Rb5 Kh6 60. Rf5 Rb3 61. Rh5+ Kg6 62. Rh8 Kf6 63. Rf8+ Kg6 64. Rh8 Kf6 65. Rh5 Rf3 66. Rc5 Kg6 67. Rc6+ Kh7 68. g5 Rf4+ 69. Kg3 Rd4 70. h4 Ra4 71. Re6 Ra3+ 72. Kg4 Ra4+ 73.
Kg3 Ra5 74. Kf4 Ra4+ 75. Re4 Ra5 76. Kg4 Rb5 77. Rf4 Kg6 78. h5+ Kh7 79. Re4 Ra5 80.
Kh4 Ra1 81. Rf4 Rh1+ 82. Kg4 Rg1+ 83. Kf5 Rh1 84. h6 gxh6 85. g6+ Kg7 86. Rf2 Rh5+ 87. Kg4 Rg5+ 88. Kh4 Kxg6 89. Rc2 Ra5 90. Rc6+ Kg7 91.
Rc7+ Kf6 92. Rc6+ Kg7 93. Rc7+ Kg8 94. Rc8+ Kf7 95. Rc7+ Ke8 96. Rc8+ Kd7 97. Rh8 Ra6 98. Rh7+ Ke8 99. Kh5 Kf8 100. Rxh6 Ra5+ 101. Kg6 Ra6+ 102. Kh5 Ra5+ 103. Kg6 Ra1 104. Rh8+ Ke7 105. Rh5 Ra6+ 106. Kg5 Ra5+ 107. Kg4 Ra4+ 108. Kg5 Kf7 109. Rh7+ Kg8 110. Rh4 Ra5+ 111. Kg6 Ra6+ 112. Kg5 Kg7 113. Rf4 Ra5+ 114. Rf5 Rxf5+ 115. Kxf5 1/2-1/2

[Event "*** Titled Tuesday Blitz"]
[Site "Chess.com"]
[Date "2021.03.30"]
[Round "3"]
[White "MaevskiyNikolay"]
[Black "biveklama"]
[Result "1/2-1/2"]
[WhiteElo "2524"]
[BlackElo "2330"]
[TimeControl "180+1"]
[EndTime "10:31:18 PDT"]
[Termination "Game drawn by repetition"]

1. Nf3 d5 2. c4 c6 3. e3 Nf6 4. Nc3 Bf5 5. cxd5 Nxd5 6. Qb3 Nb6 7. d4 g6 8. Be2 Bg7 9. O-O O-O 10. Rd1 a5 11. e4 Bg4 12. Be3 a4 13. Qc2 Na6 14. a3 Bxf3 15. Bxf3 Nc4 16. Nxa4 Nxe3 17. fxe3 Qa5 18. e5 Bh6 19. Kf2 Rfd8 20. b4 Qc7 21. Rac1 Nb8 22. Qb3 e6 23. Rc3 Nd7 24. Rb1 Nb6 25.
Nxb6 Qxb6 26. a4 Ra7 27. a5 Qc7 28. Rc4 Qe7 29. g3 Bf8 30. Rbc1 Qd7 31. Kg2 Qe7 32. R1c2 h6 33. Be4 h5 34. Rf2 Rd7 35. h4 Bh6 36. Rf3 Bf8 37. Bb1 Qd8 38. Rc2 Kg7 39. Rb2 b6 40.
axb6 Qxb6 41. b5 cxb5 42. Qxb5 Qxb5 43. Rxb5 Ra3 44. Be4 Ra2+ 45. Rf2 Rda7 46. Rbb2 Rxb2 47. Rxb2 Ra3 48. Kf3 Kg8 49. Rb8 Kg7 50. Rb7 Kg8 51.
d5 Bh6 52. dxe6 Rxe3+ 53. Kf2 fxe6 54. Bxg6 Rxe5 55. Rh7 Be3+ 56. Kf3 Bc1 57. Rxh5 Rxh5 58. Bxh5 Kg7 59. Bg4 Kf6 60. Bh3 Bh6 61. Ke4 Bc1 62. Bf1 Bd2 63. g4 Bh6 64. Bb5 Bc1 65. Be8 Bh6 66.
Kf3 Bc1 67. Bd7 Bd2 68. Ke4 Bh6 69. Bc6 Bc1 70. Kd3 Bh6 71. Be4 Bf4 72. Ke2 Bh6 73. Kf3 Bc1 74. Bb1 Bh6 75. Kg3 Bc1 76. Kf2 Bd2 77.
Ba2 Bh6 78. Kf3 Bc1 79. Ke4 Bh6 80. Kd4 Bd2 81. Kc5 Bh6 82. Kd6 Bf4+ 83. Kd7 e5 84. Bd5 Bg3 85. g5+ Kf5 86. Be6+ Kg6 87. h5+ Kxh5 88.
Bf5 Kxg5 89. Ke6 Kf4 90. Bg6 Bf2 91. Bh7 Bd4 92. Bg6 Bb2 93. Bf5 Ke3 94. Bg6 Kf3 95.
Bf5 Kf4 96. Bg6 Kg5 97. Bc2 Bd4 98. Bb1 Kf4 99. Kd5 Bc3 100. Bc2 Ba1 101. Bb1 Ke3 102. Bc2 Kd2 103. Bh7 Bb2 104. Bg6 Bd4 105. Bh7 Kc3 106. Ke4 Kb4 107. Bf5 Kc5 108. Bg4 Kd6 109. Bf3 Ke7 110.
Be2 Kf6 111. Bd3 Kg5 112. Bc4 Kh4 113. Bd5 Kg3 114. Bc4 Kh4 115. Be6 Kg5 116. Bb3 Kf6 117. Bd1 Kg5 118. Bf3 Kh4 119. Bd1 Kg5 120. Bc2 Kf6 121. Bd1 Ke6 122. Bc2 Kd6 123. Bd1 Kc5 124. Be2 Kb4 125. Bg4 Kc3 126. Bf5 Kd2 127. Be6 Kc3 128. Bf5 Kd2 129. Be6 Kc3 130. Bf5 1/2-1/2

[Event "*** Titled Tuesday Blitz"]
[Site "Chess.com"]
[Date "2021.03.30"]
[Round "3"]
[White "Rud_Makarian"]
[Black "gilbert_gm"]
[Result "1/2-1/2"]
[WhiteElo "2796"]
[BlackElo "2557"]
[TimeControl "180+1"]
[EndTime "10:31:27 PDT"]
[Termination "Game drawn by agreement"]

1. d4 d5 2. c4 c6 3. Nf3 Nf6 4. Nc3 dxc4 5. a4 Bf5 6. Ne5 Nbd7 7. Nxc4 Nb6 8. Ne5 a5 9. f3 Nfd7 10. e4 Nxe5 11. dxe5 Qxd1+ 12. Nxd1 Be6 13. Nf2 f6 14. Nd3 Bc4 15. Be3 Nd7 16. exf6 exf6 17. Rc1 Bxd3 18.
Bxd3 Ne5 19. Be2 Bb4+ 20. Kf2 Ke7 21. Rhd1 Rhd8 22. h4 Rxd1 23. Rxd1 Rd8 24. Rxd8 Kxd8 25. h5 h6 26. f4 Nd7 27. Bg4 Nc5 28. Bd1 Nxe4+ 29. Kf3 Nd2+ 30. Kg4 Nc4 31. Bc1 Nd6 32. Kf3 Bc5 33. g4 Ke7 34. g5 Nf7 35. g6 Nd6 36. Bc2 f5 37. b3 Bd4 38. Ba3 c5 39. Bd3 b6 40. Bc1 Kf6 41. Bd2 Ke6 42. Be1 Ke7 43. Ke2 Ne8 44. Bxf5 Nf6 45. Kd3 Nxh5 46. Bd2 Kd6 47.
Bh3 Nf6 48. Be1 Nd5 49. Ke4 Nf6+ 50. Kf5 Nd5 51. Ke4 Nf6+ 52. Kd3 Nd5 53. Bg3 Nf6 54. Kc4 Ne4 55. Bh2 Nd2+ 56. Kd3 Nxb3 57. Bg4 Bf6 58. Bd1 Nd4 59. Ke4 b5 60. f5+ Ke7 61. Kd5 bxa4 62. Bd6+ Kd8 63. Bxa4 Nxf5 64. Bxc5 Ne7+ 65. Ke6 Nxg6 66.
Bb6+ Kc8 67. Bxa5 Nf4+ 68. Kf5 Nd5 69. Kg6 Nc7 70. Bxc7 Kxc7 71. Bd1 Kd6 72. Bh5 Ke7 73. Kf5 Kf8 74. Bg6 Bd8 75. Kg4 Bf6 76. Kh5 Ba1 77. Bb1 Ke7 78. Bg6 Kf6 79. Be4 Bc3 80. Bg6 Bd2 81.
Bc2 g5 82. Bd1 Kg7 83. Bg4 Bf4 84. Bc8 Kf6 85. Bg4 Kg7 86. Bh3 Bc7 87. Bg4 Bd8 88. Bd1 Be7 89. Bg4 Bf8 90. Bd1 Kf6 91. Bg4 Bg7 92.
Bd1 Ke5 93. Bg4 Kf4 94. Bd1 Bf8 95. Bg4 Ke3 96. Bc8 Kf3 97. Bg4+ Kg3 98. Bc8 Kh2 99. Bg4 Kg2 100. Bc8 Kf2 101. Bg4 Ke3 102. Bc8 Kf4 103. Bg4 Ba3 104. Bc8 Bc1 105. Bg4 Kg3 106. Bc8 Kf2 107. Bg4 Bd2 108. Kxh6 Kg3 109. Kh5 Kf4 110. Bc8 Ke5 111. Bg4 Kf6 1/2-1/2

[Event "*** Titled Tuesday Blitz"]
[Site "Chess.com"]
[Date "2021.03.30"]
[Round "3"]
[White "adriangschnitzer"]
[Black "WisdomGame"]
[Result "1-0"]
[WhiteElo "2488"]
[BlackElo "2009"]
[TimeControl "180+1"]
[EndTime "10:31:42 PDT"]
[Termination "adriangschnitzer won on time"]

1. e4 c5 2. a3 e6 3. b4 cxb4 4.
axb4 Bxb4 5. Bb2 Nf6 6. e5 Nd5 7. c4 Nc7 8. Qg4 g6 9. h4 Nc6 10. h5 g5 11. h6 b6 12. Nf3 Be7 13. Rh5 Rg8 14. Bd3 f5 15. exf6 Bxf6 16. Bxh7 Bxb2 17. Ra2 Bh8 18. Bxg8 Nb4 19. Nxg5 Nxa2 20. Ne4 Qe7 21. Qg6+ Kd8 22. Bf7 Bb7 23. Qg8+ Ne8 24. Nd6 Qxd6 25. Qxh8 Kc7 26. h7 Qe7 27. Bxe8 Rxe8 28. Qxe8 Qxe8 29. h8=Q Qxh8 30. Rxh8 Bxg2 31. Ke2 Be4 32. Nc3 Nxc3+ 33. dxc3 Bf5 34. Ke3 a5 35. Kd4 d6 36. f4 Kc6 37.
Rc8+ Kd7 38. Ra8 Kc7 39. Ra7+ Kc6 40. Ke3 Bc2 41. Kd2 Bf5 42. Kc1 Be4 43. Kb2 Bd3 44.
Kb3 Bf5 45. Re7 Bg4 46. Kc2 Bf5+ 47. Kd2 Bg4 48. Ke3 Bf5 49. Kd4 a4 50. Ra7 Bc2 51.
Ke3 Bb3 52. Kd3 Bd1 53. Kd2 Bb3 54. Kc1 b5 55. cxb5+ Kxb5 56. Re7 Kc5 57. Kb2 Kc6 58.
Re8 Kd7 59. Ra8 Ke7 60. Ra7+ Kf6 61. Kc1 Kf5 62. Rf7+ Ke4 63. Rf8 e5 64. f5 Kf4 65.
f6 Kf5 66. f7 Kf6 67. Rd8 Bxf7 68. Rxd6+ Kf5 69. Ra6 Bb3 70. Kd2 Ke4 71. Rb6 Kd5 72.
Rb4 Kc5 73. Ke3 Bd5 74. Rxa4 Bc6 75. Ra5+ Kd6 76. Kd3 Bb7 77. Kd2 Bc6 78. Ra3 Kd5 79.
Ra1 Kd6 80. Re1 Kd5 81. Re3 Kd6 82. Rg3 Kd5 83. Rg5 Kd6 84. Rh5 Bf3 85. Rh4 Bc6 86. Ke3 Bd5 87. Rb4 Kc5 88. Ra4 Bc6 89. Rh4 Kd6 90. Kd3 Kc5 91. Rh5 Kd5 92. c4+ Kd6 93. Rh6+ Kc5 94. Rh5 Kd6 95. Kc3 Ke6 96. Kb4 e4 97.
Rh6+ Kd7 98. Kc5 Ba8 99. Rh7+ Kc8 100. Kd6 e3 101. c5 Be4 102. Re7 Bg2 103. Rxe3 Kb7 104. Re7+ Kc8 105. c6 1-0

[Event "*** Titled Tuesday Blitz"]
[Site "Chess.com"]
[Date "2021.03.30"]
[Round "4"]
[White "andriipalchuk"]
[Black "BahadirOzen"]
[Result "1/2-1/2"]
[WhiteElo "2622"]
[BlackElo "2771"]
[TimeControl "180+1"]
[EndTime "10:33:01 PDT"]
[Termination "Game drawn by agreement"]

1. d4 d6 2. c4 g6 3. Nf3 Bg7 4. g3 Nf6 5. Bg2 O-O 6. O-O c6 7. Nc3 Bf5 8. Nh4 Be6 9. b3 d5 10. cxd5 cxd5 11. Nf3 Nc6 12. Bf4 Ne4 1/2-1/2

[Event "*** Titled Tuesday Blitz"]
[Site "Chess.com"]
[Date "2021.03.30"]
[Round "4"]
[White "Niktlt"]
[Black "jup1978"]
[Result "1-0"]
[WhiteElo "2579"]
[BlackElo "2337"]
[TimeControl "180+1"]
[EndTime "10:34:21 PDT"]
[Termination "Niktlt won by resignation"]

1. c4 c6 2. d4 d5 3. cxd5 cxd5 4. Bg5 Nc6 5. Nc3 h6 6. Bh4 Nf6 7. Bxf6 gxf6 8. e3 e6 9. Bd3 f5 10. Nge2 Bd6 11. Ng3 Bd7 12. Rc1 Rc8 13. O-O h5 14. f4 h4 15. Nh1 Qa5 16. Nf2 Nb4 17. Bb1 Bb5 18. Nxb5 Qxb5 19. Rxc8+ 1-0